 Dungeon Crawl Stone Soup version 0.31.0-11-ge490571c62 (webtiles) character file.

Game seed: 3713176658594619665

88 qw the Shooter (level 4, -7/22 HPs)
             Began as a Spriggan Hunter on Feb 4, 2024.
             Killed from afar by an orc wizard (12 damage)
             ... with a puff of flame
             ... on level 3 of the Dungeon.
             The game lasted 00:00:05 (1510 turns).

qw the Shooter (Spriggan Hunter)                    Turns: 1510, Time: 00:00:05

Health: -7/22      AC:  2    Str:  7    XL:     4   Next: 29%
Magic:  5/5        EV: 24    Int: 10    God:
Gold:   66         SH:  0    Dex: 20    Spells: 3/3 levels left

rFire   . . .        h - +0 arbalest
rCold   . . .        (shield currently unavailable)
rNeg    . . .        c - +0 robe
rPois   .            (helmet restricted)
rElec   .            (no cloak)
rCorr   .            (gloves unavailable)
SInv    +            (boots unavailable)
Will    .....        (no amulet)
Stlth   ++           d - +5 ring of evasion
HPRegen 0.23/turn    (no ring)
MPRegen 0.09/turn

%: no passive effects
@: very quick
A: very small, no large weapons, unfitting armour, see invisible, speed 3
a: no special abilities


You were on level 3 of the Dungeon.
You visited 1 branch of the dungeon, and saw 3 of its levels.

You collected 66 gold pieces.


Innate Abilities, Weirdness & Mutations

You are very small and have problems with some larger weapons.
You are too small for most types of armour.
You have supernaturally acute eyesight. (SInv)
You cover ground extremely quickly. (Speed+++)


   Skills:
 - Level 1.5 Fighting
 - Level 5.3 Ranged Weapons
 + Level 4.0 Dodging
 - Level 1.5 Stealth


You had 3 spell levels left.
You didn't know any spells.
Your spell library was empty.

Inventory:

Hand Weapons
 h - a +0 arbalest (weapon)
Armour
 c - a +0 robe (worn)
Jewellery
 d - a +5 ring of evasion (left hand)
 e - a ring of fire
Scrolls
 j - a scroll of fog {unknown}
Potions
 a - 2 potions of ambrosia {unknown}
 b - 3 potions of cancellation
 f - a potion of invisibility {unknown}
 g - a potion of berserk rage {unknown}
 i - a potion of might {unknown}

Dungeon Overview and Level Annotations

Branches:
Dungeon (3/15)

Altars:


Message History

You hear a shout! x2
An orc comes into view. It is wielding a +0 flail.
You shoot a bolt. The bolt hits the orc!
You kill the orc!
An orc priest comes into view. It is wielding a +0 club.
The orc priest moves out of view.
An orc and an orc wizard come into view.
The orc priest casts a cantrip, but nothing happens.
The orc wizard moves out of view.
You shoot a bolt. The bolt barely misses the orc. x2
You shoot a bolt. The bolt closely misses the orc.
The bolt hits the orc.
The orc is heavily wounded.
The orc priest looks braver for a moment.
The orc completely misses you.
The orc priest calls upon Beogh to heal the orc.
The orc's wounds heal themselves!
You shoot a bolt. The bolt hits the orc!!
You kill the orc!
The orc priest casts a cantrip, but nothing happens.
The orc barely misses you.
You shoot a bolt. The bolt closely misses the orc.
The bolt closely misses the orc priest.
The bolt barely misses the orc wizard.
You shoot a bolt. The bolt hits the orc!
You kill the orc!
The orc priest invokes the aid of Beogh against you.
Beogh smites you!
You shoot a bolt. The bolt hits the orc priest!
You kill the orc priest!
The orc wizard gestures at you while chanting.
The puff of flame hits you!
Your Ranged Weapons skill increases to level 5!
You have reached level 4!
You shoot a bolt. The bolt hits the orc wizard!
The orc wizard is severely wounded.
You shoot a bolt. The bolt closely misses the orc wizard.
The orc wizard barely misses you.
The orc wizard points at you and mumbles some strange words.
The puff of flame hits you!
Ouch! That really hurt!
You die...

#######.### #.#.#####.#
#.........### #.#.#####.#
#.###.......###.#.#......
#.# #.#...............#
#.# #.#...#####.......#
#.# #.....# ##........#
#.# ###...# ##.#######
#.######..# #.#
#......)@.# #.#
########o## #+# #)# #.#
..# ..# ..) #...


You could see an orc wizard.

Vanquished Creatures
  An orc priest (D:3)
  An adder (D:3)
  A ribbon worm (D:3)
  2 dart slugs
  3 orcs (D:3)
  4 endoplasms
  3 giant cockroaches (D:1)
  4 goblins
  4 hobgoblins
  3 kobolds
  2 quokkas
  2 ball pythons
  2 bats
  2 frilled lizards
  3 rats
37 creatures vanquished.

Notes
Turn   | Place    | Note
-------+----------+-------------------------------------------
     0 | D:1      | qw the Spriggan Hunter began the quest for the Orb.
     0 | D:1      | Reached XP level 1. HP: 10/10 MP: 2/2
     0 | D:1      | 0 ||| qw: Version: 0.3-a-160-g6735b56
     0 | D:1      | 0 ||| qw: Game counter: 5540
     0 | D:1      | 0 ||| qw: Melee chars always use a shield: true
     0 | D:1      | 0 ||| qw: God list: Okawaru
     0 | D:1      | 0 ||| qw: Allow faded altars: false
     0 | D:1      | 0 ||| qw: Do Orc after clearing Dungeon:15 true
     0 | D:1      | 0 ||| qw: Do second Lair branch before Depths: true
     0 | D:1      | 0 ||| qw: Lair rune preference: random
     0 | D:1      | 0 ||| qw: Goals: Normal
     0 | D:1      | 0 ||| PLANNING D:1-11
    36 | D:1      | Reached skill level 3 in Dodging
    50 | D:1      | You fall into a shaft and drop 1 floor!
    89 | D:2      | 89 ||| UPGRADING to +5 ring of evasion.
    90 | D:2      | 90 ||| READING scroll labelled QUGITZ LOXKO.
   191 | D:2      | 191 ||| DROPPING scroll of butterflies.
   251 | D:1      | Reached XP level 2. HP: 14/14 MP: 3/3
   575 | D:1      | 575 ||| READING scroll labelled WIEKHE ISINOAJ.
   575 | D:1      | 575 ||| ENCHANTING +0 shortbow.
   576 | D:1      | 576 ||| READING scroll labelled NAOKKENNEZ.
   577 | D:1      | 577 ||| READING scroll labelled COSOUKHLO TESUT.
   577 | D:1      | 577 ||| BRANDING +0 shortbow.
   578 | D:1      | 578 ||| DRINKING 3 blue potions.
   671 | D:2      | Found a faded altar of an unknown god.
   672 | D:2      | 672 ||| SWAPPING to +0 arbalest.
   673 | D:2      | 673 ||| DROPPING +0 shortbow of freezing.
   850 | D:2      | Reached XP level 3. HP: 18/18 MP: 4/4
  1123 | D:2      | 1123 ||| READING scroll labelled CIL WUEGGISAGOUPA.
  1154 | D:2      | 1154 ||| DRINKING 2 yellow potions.
  1155 | D:2      | 1155 ||| DROPPING potion of attraction.
  1508 | D:3      | HP: 4/18 [orc wizard/puff of flame (7)]
  1509 | D:3      | Reached skill level 5 in Ranged Weapons
  1509 | D:3      | Reached XP level 4. HP: 5/22 MP: 5/5
  1510 | D:3      | Killed from afar by an orc wizard

Levels and vault maps discovered:
D:1:      dreamdust_arrival_beginning_and_end, layout_basic,
          minmay_indecisive_spiral
D:2:      layout_loops_ring, hellmonk_ecumenical_altar_zigzags,
          chequers_serial_rivers_micro_e, kennysheep_generic_room_3
D:3:      layout_loops_corners, grunt_decor_arrowhead, uniq_sigmund

Skill      XL: |  1  2  3 |
---------------+----------+-----
Dodging        | 3 4 |  4.0
Ranged Weapons | 5 |  5.3
Fighting       | |  1.5
Stealth        | |  1.5

Action                     |  1- 3 |  4- 6 || total
---------------------------+-------+-------++-------
   Fire: Shortbow          |    51 |       ||    51
         Arbalest          |    41 |     2 ||    43
    Use: Scroll            |     5 |       ||     5
         Potion            |     2 |       ||     2
 Armour: Robe              |     8 |     1 ||     9
  Dodge: Dodged            |    26 |     1 ||    27

Table legend:
 A = Non-vault XP
 B = Vault XP
 C = Vault XP percentage of total XP
 D = Non-vault monster count
 E = Vault monster count
 F = Vault count percentage of total count
                 A         B        C        D         E       F
            +---------+---------+-------+---------+---------+-------
      Total |     118 |       8 |   6.3 |      32 |       5 |  13.5
            +---------+---------+-------+---------+---------+-------
        D:1 |      22 |       7 |  24.1 |      12 |       4 |  25.0
        D:2 |      15 |       1 |   6.2 |       7 |       1 |  12.5
        D:3 |      81 |       0 |   0.0 |      13 |       0 |   0.0
            +---------+---------+-------+---------+---------+-------
